Niagara IceDogs vs Espoo Blues
Created - Thursday, April 6, 2023 at 07:17
Goals
|
| Niagara IceDogs |
0 |
1 |
1 |
2 |
| Espoo Blues |
2 |
2 |
1 |
5 |
|
Shots
|
| Niagara IceDogs |
10 |
13 |
15 |
38 |
| Espoo Blues |
15 |
8 |
14 |
37 |
|
1st period
1. Espoo Blues , Derick Brassard 12 (Viktor Lodin 1) at 16:07
2. Espoo Blues , Patric Hornqvist 7 (Derek Grant 11) at 16:21 (PP)
Penalties :
Patric Hornqvist (ESP) for Holding Stick (Minor) at 10:30, John Ludvig (NID) for Holding (Minor) at 16:20
2nd period
3. Niagara IceDogs , Jayden Halbgewachs 8 (Alex Whelan 9, Chase Pearson 9) at 8:56
4. Espoo Blues , Derick Brassard 13 (Joe Snively 8) at 10:18
5. Espoo Blues , Patric Hornqvist 8 (Chad Ruhwedel 6) at 18:45 (PP)
Penalties :
Anthony Angello (NID) for Tripping (Minor) at 14:37, Joseph Duszak (NID) for Holding (Minor) at 18:16
3rd period
6. Niagara IceDogs , Arttu Ruotsalainen 9 (Ian Mitchell 14, Jonatan Berggren 13) at 1:32
7. Espoo Blues , Derick Brassard 14 (Chad Ruhwedel 7) at 2:55 (PP)
Penalties :
Derek Grant (ESP) for Fighting (Major) at 1:40, Arttu Ruotsalainen (NID) for Fighting (Major) at 1:40, Jonatan Berggren (NID) for Tripping (Minor) at 2:02, Jayden Halbgewachs (NID) for Interference (Minor) at 3:59, Derick Brassard (ESP) for Hooking (Minor) at 8:39, John Ludvig (NID) for Roughing (Minor) at 13:20
Goalie Stats
Dylan Ferguson (NID), 32 saves from 37 shots - (0.865), L, 3-1-0, 60:00 minutes
Stuart Skinner (ESP), 36 saves from 38 shots - (0.947), W, 5-3-0, 60:00 minutes
Players Stats for Niagara IceDogs
Player Name G A P +/- PIM S H SB GA TA FO MP PP MP PK MP
------------------------------------------------------------------------------------
Alex Whelan 0 1 1 1 0 0 0 0 1 0 0/0 12:28 0:25 0:00
Aliaksei Protas 0 0 0 1 0 4 2 1 0 0 0/0 21:45 1:54 3:53
Anthony Angello 0 0 0 -1 2 1 1 0 1 0 1/1 14:16 1:39 0:00
Arttu Ruotsalainen 1 0 1 0 5 4 1 4 1 0 12/27 19:20 1:54 2:20
Chase Pearson 0 1 1 1 0 4 3 0 0 1 1/1 13:11 0:25 0:41
Conor Timmins 0 0 0 0 0 2 1 4 1 0 0/0 25:23 2:37 4:06
Filip Kral 0 0 0 0 0 0 0 0 0 0 0/0 13:16 0:19 0:00
Ian Mitchell 0 1 1 0 0 0 0 1 0 1 0/0 25:46 2:37 4:29
James Hamblin 0 0 0 -1 0 3 1 1 0 0 3/5 11:36 0:00 3:05
Jayden Halbgewachs 1 0 1 1 2 5 0 0 0 0 3/8 13:54 0:29 0:13
Joachim Blichfeld 0 0 0 -1 0 2 2 1 0 0 0/1 15:03 1:39 1:01
Johannes Kinnvall 0 0 0 1 0 0 2 0 0 0 0/0 13:08 0:19 0:42
John Ludvig 0 0 0 0 4 1 2 3 0 1 0/0 20:32 1:02 2:09
Jonatan Berggren 0 1 1 1 2 3 2 0 1 0 0/0 18:37 1:54 1:01
Joseph Duszak 0 0 0 0 2 0 3 1 0 1 0/0 21:20 1:02 3:14
Nicholas Robertson 0 0 0 -1 0 3 1 0 0 2 0/0 10:44 0:00 2:26
Tim Soderlund 0 0 0 -1 0 0 2 0 0 0 0/0 8:16 0:00 0:00
Vasili Ponomarev 0 0 0 -1 0 6 0 0 0 0 5/15 13:58 1:35 0:00
Players Stats for Espoo Blues
Player Name G A P +/- PIM S H SB GA TA FO MP PP MP PK MP
------------------------------------------------------------------------------------
Anton Blidh 0 0 0 0 0 3 1 0 1 0 0/0 12:23 0:00 0:00
Brendan Lemieux 0 0 0 -1 0 4 3 0 0 0 1/2 16:34 3:44 0:00
Cam York 0 0 0 -1 0 0 0 2 0 2 0/0 21:55 2:52 1:37
Chad Ruhwedel 0 2 2 -1 0 2 2 1 1 0 0/0 20:46 2:52 1:37
Derek Grant 0 1 1 -1 5 1 0 0 0 0 14/24 16:42 2:03 1:56
Derick Brassard 3 0 3 1 2 5 2 0 2 0 9/19 20:21 3:36 0:50
Fredrik Karlstrom 0 0 0 0 0 1 0 0 0 0 3/4 14:10 0:00 0:40
Gavin Bayreuther 0 0 0 1 0 0 2 0 0 1 0/0 11:34 0:00 0:00
Joe Snively 0 1 1 0 0 2 2 0 1 1 1/2 20:10 3:27 0:53
Logan O'Connor 0 0 0 0 0 0 0 0 0 0 1/1 16:51 0:00 1:57
Mattias Janmark 0 0 0 0 0 0 0 0 0 0 0/0 3:59 1:31 1:40
Mattias Samuelsson 0 0 0 0 0 1 3 1 0 0 0/0 26:39 4:28 2:20
Michael Stone 0 0 0 0 0 2 1 1 0 1 0/0 26:17 4:28 2:21
Patric Hornqvist 2 0 2 0 2 11 3 0 0 0 0/0 17:16 3:44 0:00
Ridly Greig 0 0 0 1 0 0 0 0 0 0 0/0 8:09 0:00 0:00
Stefan Noesen 0 0 0 -1 0 4 4 2 1 0 0/1 21:15 3:55 0:00
Urho Vaakanainen 0 0 0 1 0 0 0 0 0 0 0/0 12:49 0:00 0:01
Viktor Lodin 0 1 1 1 0 1 3 0 0 0 4/5 8:09 0:00 0:00
3 Stars
1 - Derick Brassard (ESP)
2 - Patric Hornqvist (ESP)
3 - Stuart Skinner (ESP)
Power Play
Niagara IceDogs - 0 on 2 Attempt(s) - 0.00%
Espoo Blues - 3 on 6 Attempt(s) - 50.00%
Penalty Kill
Niagara IceDogs - 3 on 6 Attempt(s) - 50.00%
- Score 0 goal in Penalty Kill
Espoo Blues - 2 on 2 Attempt(s) - 100.00%
- Score 0 goal in Penalty Kill
Team Stat
Niagara IceDogs - Hits : 23 - Faceoff Wins : 25 - Blocked Shots : 16 - Penalty Minutes : 17
Espoo Blues - Hits : 26 - Faceoff Wins : 33 - Blocked Shots : 7 - Penalty Minutes : 9
Official
Referees : Chris Lee and Tim Peel
Linesman : Don Henderson and Bryan Pancich
Game Notes
Derek Grant and Arttu Ruotsalainen fight to a draw at 1:40 of 3rd period
Derick Brassard has scored a Hat Trick!
Niagara IceDogs
5 vs 5 Forward
Center Left Wing Right Wing Time % Phy DF OF
1 Arttu Ruotsalainen Aliaksei Protas Jonatan Berggren 40 1 2 2
2 Vasili Ponomarev Joachim Blichfeld Anthony Angello 30 1 2 2
3 Jayden Halbgewachs Chase Pearson Alex Whelan 20 1 2 2
4 James Hamblin Nicholas Robertson Tim Soderlund 10 1 2 2
5 vs 5 Defense
Defense Defense Time % Phy DF OF
1 Ian Mitchell Conor Timmins 40 1 2 2
2 John Ludvig Joseph Duszak 30 1 2 2
3 Filip Kral Johannes Kinnvall 20 1 2 2
4 Ian Mitchell Conor Timmins 10 1 2 2
PowerPlay Forward
Center Left Wing Right Wing Time % Phy DF OF
1 Arttu Ruotsalainen Aliaksei Protas Jonatan Berggren 60 1 2 2
2 Vasili Ponomarev Joachim Blichfeld Anthony Angello 40 1 2 2
PowerPlay Defense
Defense Defense Time % Phy DF OF
1 Ian Mitchell Conor Timmins 60 1 2 2
2 John Ludvig Joseph Duszak 40 1 2 2
Penalty Kill 4 Players Forward
Center Wing Time % Phy DF OF
1 Arttu Ruotsalainen Aliaksei Protas 60 1 2 2
2 Jonatan Berggren Joachim Blichfeld 40 1 2 2
Penalty Kill 4 Players Defense
Defense Defense Time % Phy DF OF
1 Ian Mitchell Conor Timmins 60 1 2 2
2 John Ludvig Joseph Duszak 40 1 2 2
Penalty Kill - 3 Players Forward
Forward Time % Phy DF OF
1 Arttu Ruotsalainen 60 1 2 2
2 Aliaksei Protas 40 1 2 2
Penalty Kill - 3 Players Defense
Defense Defense Time % Phy DF OF
1 Ian Mitchell Conor Timmins 60 1 2 2
2 John Ludvig Joseph Duszak 40 1 2 2
4 vs 4 Forward
Center Wing Time % Phy DF OF
1 Arttu Ruotsalainen Aliaksei Protas 60 1 2 2
2 Jonatan Berggren Joachim Blichfeld 40 1 2 2
4 vs 4 Defense
Defense Defense Time % Phy DF OF
1 Ian Mitchell Conor Timmins 60 1 2 2
2 John Ludvig Joseph Duszak 40 1 2 2
Last Minutes Offensive
Center Left Wing Right Wing Defense Defense
Arttu Ruotsalainen Aliaksei Protas Jonatan Berggren Ian Mitchell Conor Timmins
Last Minutes Defensive
Center Left Wing Right Wing Defense Defense
Arttu Ruotsalainen Aliaksei Protas Jonatan Berggren Ian Mitchell Conor Timmins
Goaltenders
Starting : Dylan Ferguson
Backup : Michael Dipietro
Extra Forwards
Normal : Jayden Halbgewachs, Chase Pearson, James Hamblin - PP : Jayden Halbgewachs, Chase Pearson - PK : James Hamblin
Extra Defensemen
Normal : Filip Kral, Johannes Kinnvall, John Ludvig - PP : Filip Kral - PK : Johannes Kinnvall, John Ludvig
Penalty Shots
Arttu Ruotsalainen, Aliaksei Protas, Jonatan Berggren, Joachim Blichfeld, Vasili Ponomarev
Espoo Blues
5 vs 5 Forward
Center Left Wing Right Wing Time % Phy DF OF
1 Derick Brassard Joe Snively Logan O'Connor 37 1 1 2
2 Derek Grant Brendan Lemieux Stefan Noesen 36 1 2 2
3 Fredrik Karlstrom Anton Blidh Patric Hornqvist 22 1 2 2
4 Viktor Lodin Ridly Greig Stefan Noesen 5 1 2 2
5 vs 5 Defense
Defense Defense Time % Phy DF OF
1 Mattias Samuelsson Michael Stone 41 1 2 2
2 Chad Ruhwedel Cam York 32 1 2 2
3 Urho Vaakanainen Gavin Bayreuther 20 1 2 2
4 Mattias Samuelsson Cam York 7 1 2 2
PowerPlay Forward
Center Left Wing Right Wing Time % Phy DF OF
1 Derick Brassard Joe Snively Stefan Noesen 62 1 2 2
2 Derek Grant Brendan Lemieux Patric Hornqvist 38 1 2 2
PowerPlay Defense
Defense Defense Time % Phy DF OF
1 Mattias Samuelsson Michael Stone 60 1 2 2
2 Chad Ruhwedel Cam York 40 1 2 2
Penalty Kill 4 Players Forward
Center Wing Time % Phy DF OF
1 Derek Grant Logan O'Connor 60 1 2 2
2 Derick Brassard Mattias Janmark 40 1 2 2
Penalty Kill 4 Players Defense
Defense Defense Time % Phy DF OF
1 Mattias Samuelsson Michael Stone 60 1 2 2
2 Chad Ruhwedel Cam York 40 1 2 2
Penalty Kill - 3 Players Forward
Forward Time % Phy DF OF
1 Derek Grant 60 1 2 2
2 Derick Brassard 40 1 2 2
Penalty Kill - 3 Players Defense
Defense Defense Time % Phy DF OF
1 Mattias Samuelsson Michael Stone 60 1 2 2
2 Chad Ruhwedel Cam York 40 1 2 2
4 vs 4 Forward
Center Wing Time % Phy DF OF
1 Derek Grant Stefan Noesen 60 1 2 2
2 Derick Brassard Joe Snively 40 1 2 2
4 vs 4 Defense
Defense Defense Time % Phy DF OF
1 Mattias Samuelsson Michael Stone 60 1 2 2
2 Chad Ruhwedel Cam York 40 1 2 2
Last Minutes Offensive
Center Left Wing Right Wing Defense Defense
Derek Grant Joe Snively Stefan Noesen Mattias Samuelsson Michael Stone
Last Minutes Defensive
Center Left Wing Right Wing Defense Defense
Derek Grant Derick Brassard Logan O'Connor Mattias Samuelsson Michael Stone
Goaltenders
Starting : Stuart Skinner
Backup : Spencer Knight
Extra Forwards
Normal : Stefan Noesen, Joe Snively, Derick Brassard - PP : Stefan Noesen, Joe Snively - PK : Logan O'Connor
Extra Defensemen
Normal : Cam York, Mattias Samuelsson, Michael Stone - PP : Michael Stone - PK : Urho Vaakanainen, Gavin Bayreuther
Penalty Shots
Stefan Noesen, Patric Hornqvist, Joe Snively, Brendan Lemieux, Viktor Lodin
% Time on Ice - Niagara IceDogs
Lines # - Real PCT - Wanted PCT - Time Play
Normal Forward
1 - 36% - 40% - 17:21
2 - 25% - 30% - 12:23
3 - 22% - 20% - 10:42
4 - 17% - 10% - 8:16
Normal Defense
1 - 35% - 40% - 16:58
2 - 36% - 30% - 17:25
3 - 26% - 20% - 12:37
4 - 3% - 10% - 1:42
PP Forward
1 - 58% - 60% - 2:19
2 - 42% - 40% - 1:39
PP Defense
1 - 66% - 60% - 2:37
2 - 34% - 40% - 1:21
PK Forward
1 - 86% - 60% - 6:19
2 - 14% - 40% - 1:01
PK Defense
1 - 55% - 60% - 4:04
2 - 45% - 40% - 3:16
PK3 Forward
1 - 0% - 60%
2 - 0% - 40%
PK3 Defense
1 - 0% - 60%
2 - 0% - 40%
44 Forward
1 - 0% - 60%
2 - 0% - 40%
44 Defense
1 - 0% - 60%
2 - 0% - 40%
Last Minute Offensive - 0:00
Last Minute Defensive - 0:00
Total
Forward - 60:00
Defense - 60:00
|
% Time on Ice - Espoo Blues
Lines # - Real PCT - Wanted PCT - Time Play
Normal Forward
1 - 32% - 37% - 15:27
2 - 26% - 36% - 12:50
3 - 25% - 22% - 12:16
4 - 17% - 5% - 8:09
Normal Defense
1 - 40% - 41% - 19:16
2 - 33% - 32% - 16:17
3 - 24% - 20% - 11:34
4 - 3% - 7% - 1:35
PP Forward
1 - 49% - 62% - 3:36
2 - 51% - 38% - 3:44
PP Defense
1 - 61% - 60% - 4:28
2 - 39% - 40% - 2:52
PK Forward
1 - 87% - 60% - 3:28
2 - 13% - 40% - 0:30
PK Defense
1 - 59% - 60% - 2:21
2 - 41% - 40% - 1:37
PK3 Forward
1 - 0% - 60%
2 - 0% - 40%
PK3 Defense
1 - 0% - 60%
2 - 0% - 40%
44 Forward
1 - 0% - 60%
2 - 0% - 40%
44 Defense
1 - 0% - 60%
2 - 0% - 40%
Last Minute Offensive - 0:00
Last Minute Defensive - 0:00
Total
Forward - 60:00
Defense - 60:00
|
Play-by-Play
1st period
0:01 of 1st period - Derick Brassard wins face-off versus Arttu Ruotsalainen in neutral zone.
0:34 of 1st period - Snap shot by Joachim Blichfeld.
0:34 of 1st period - Stopped by Stuart Skinner with a rebound.
0:36 of 1st period - Snap shot by Conor Timmins.
0:36 of 1st period - Deflect By Vasili Ponomarev.
0:36 of 1st period - Stopped by Stuart Skinner with a rebound.
0:56 of 1st period - Wrist shot by Patric Hornqvist.
0:56 of 1st period - Deflect By Chase Pearson.
0:56 of 1st period - Shot Misses the Net.
0:56 of 1st period - Puck is out of play.
0:57 of 1st period - Viktor Lodin wins face-off versus James Hamblin in Niagara IceDogs zone.
1:06 of 1st period - Snap shot by James Hamblin.
1:06 of 1st period - Stopped by Stuart Skinner without a rebound.
1:07 of 1st period - Viktor Lodin wins face-off versus James Hamblin in Espoo Blues zone.
1:18 of 1st period - Johannes Kinnvall is hit by Viktor Lodin and loses puck.
1:45 of 1st period - James Hamblin is hit by Viktor Lodin and loses puck.
2:06 of 1st period - Wrist shot by James Hamblin.
2:06 of 1st period - Shot Blocked by Chad Ruhwedel.
2:10 of 1st period - Snap shot by Nicholas Robertson.
2:10 of 1st period - Stopped by Stuart Skinner without a rebound.
2:11 of 1st period - Arttu Ruotsalainen wins face-off versus Derick Brassard in Espoo Blues zone.
2:22 of 1st period - Wrist shot by Joe Snively.
2:22 of 1st period - Shot Blocked by Arttu Ruotsalainen.
2:38 of 1st period - Vasili Ponomarev is hit by Gavin Bayreuther and loses puck.
2:59 of 1st period - John Ludvig is hit by Brendan Lemieux.
5:11 of 1st period - Stefan Noesen is hit by Tim Soderlund and loses puck.
5:30 of 1st period - Urho Vaakanainen is hit by Joachim Blichfeld and loses puck.
5:49 of 1st period - Snap shot by Chase Pearson.
5:49 of 1st period - Deflect By Jayden Halbgewachs.
5:49 of 1st period - Stopped by Stuart Skinner without a rebound.
5:50 of 1st period - Viktor Lodin wins face-off versus Jayden Halbgewachs in Espoo Blues zone.
6:13 of 1st period - Chad Ruhwedel is hit by Arttu Ruotsalainen and loses puck.
6:19 of 1st period - Off-side.
6:20 of 1st period - Arttu Ruotsalainen wins face-off versus Derek Grant in neutral zone.
6:20 of 1st period - Arttu Ruotsalainen is hit by Brendan Lemieux.
6:24 of 1st period - Wrist shot by Arttu Ruotsalainen.
6:24 of 1st period - Shot Misses the Net.
6:34 of 1st period - Snap shot by Derek Grant.
6:34 of 1st period - Shot Blocked by Arttu Ruotsalainen.
6:36 of 1st period - Slapshot by Brendan Lemieux.
6:36 of 1st period - Stopped by Dylan Ferguson with a rebound.
6:46 of 1st period - Logan O'Connor is hit by Joachim Blichfeld.
6:52 of 1st period - Snap shot by Vasili Ponomarev.
6:52 of 1st period - Stopped by Stuart Skinner with a rebound.
6:54 of 1st period - Wrist shot by Vasili Ponomarev.
6:54 of 1st period - Stopped by Stuart Skinner without a rebound.
6:55 of 1st period - Derek Grant wins face-off versus Vasili Ponomarev in Espoo Blues zone.
7:08 of 1st period - Wrist shot by Derek Grant.
7:08 of 1st period - Stopped by Dylan Ferguson with a rebound.
7:10 of 1st period - Slapshot by Stefan Noesen.
7:10 of 1st period - Shot Misses the Net.
7:27 of 1st period - Slapshot by Arttu Ruotsalainen.
7:27 of 1st period - Shot Hit the Post.
7:31 of 1st period - Backhand shot by Arttu Ruotsalainen.
7:31 of 1st period - Shot Misses the Net.
7:41 of 1st period - Snap shot by Patric Hornqvist.
7:41 of 1st period - Stopped by Dylan Ferguson with a rebound.
7:43 of 1st period - Wrist shot by Fredrik Karlstrom.
7:43 of 1st period - Shot Misses the Net.
7:45 of 1st period - Wrist shot by Fredrik Karlstrom.
7:45 of 1st period - Shot Misses the Net.
7:47 of 1st period - Wrist shot by Fredrik Karlstrom.
7:47 of 1st period - Shot Misses the Net.
7:49 of 1st period - Wrist shot by Fredrik Karlstrom.
7:49 of 1st period - Shot Misses the Net.
7:51 of 1st period - Wrist shot by Fredrik Karlstrom.
7:51 of 1st period - Stopped by Dylan Ferguson with a rebound.
7:53 of 1st period - Snap shot by Anton Blidh.
7:53 of 1st period - Stopped by Dylan Ferguson with a rebound.
8:07 of 1st period - Slapshot by Stefan Noesen.
8:07 of 1st period - Shot Misses the Net.
9:22 of 1st period - Mattias Samuelsson is hit by Johannes Kinnvall and loses puck.
9:26 of 1st period - Icing by Derek Grant.
9:27 of 1st period - Derek Grant wins face-off versus Arttu Ruotsalainen in Espoo Blues zone.
9:27 of 1st period - Derek Grant is hit by Aliaksei Protas.
9:35 of 1st period - Wrist shot by Stefan Noesen.
9:35 of 1st period - Shot Misses the Net.
9:37 of 1st period - Slapshot by Stefan Noesen.
9:37 of 1st period - Stopped by Dylan Ferguson with a rebound.
9:41 of 1st period - Snap shot by Stefan Noesen.
9:41 of 1st period - Shot Misses the Net.
9:43 of 1st period - Wrist shot by Stefan Noesen.
9:43 of 1st period - Stopped by Dylan Ferguson without a rebound.
9:44 of 1st period - Derick Brassard wins face-off versus Vasili Ponomarev in Niagara IceDogs zone.
9:45 of 1st period - Slapshot by Logan O'Connor.
9:45 of 1st period - Shot Misses the Net.
10:30 of 1st period - Minor Penalty to Patric Hornqvist for Holding Stick.
10:31 of 1st period - Logan O'Connor wins face-off versus Arttu Ruotsalainen in Espoo Blues zone.
10:50 of 1st period - Michael Stone is hit by Jonatan Berggren and loses puck.
11:41 of 1st period - Cam York is hit by John Ludvig and loses puck.
12:27 of 1st period - Ian Mitchell is hit by Joe Snively and loses puck.
12:30 of 1st period - Penalty to Patric Hornqvist is over, Patric Hornqvist is back on ice.
12:44 of 1st period - Snap shot by Jayden Halbgewachs.
12:44 of 1st period - Shot Misses the Net.
12:52 of 1st period - Slapshot by Joe Snively.
12:52 of 1st period - Stopped by Dylan Ferguson with a rebound.
13:00 of 1st period - Snap shot by Patric Hornqvist.
13:00 of 1st period - Shot Misses the Net.
13:12 of 1st period - Ian Mitchell is hit by Patric Hornqvist and loses puck.
13:21 of 1st period - Snap shot by Patric Hornqvist.
13:21 of 1st period - Stopped by Dylan Ferguson with a rebound.
13:41 of 1st period - Snap shot by Patric Hornqvist.
13:41 of 1st period - Stopped by Dylan Ferguson with a rebound.
13:43 of 1st period - Wrist shot by Patric Hornqvist.
13:43 of 1st period - Stopped by Dylan Ferguson without a rebound.
13:44 of 1st period - Vasili Ponomarev wins face-off versus Derek Grant in Niagara IceDogs zone.
13:53 of 1st period - Wrist shot by Vasili Ponomarev.
13:53 of 1st period - Shot Blocked by Stefan Noesen.
14:44 of 1st period - Slapshot by Vasili Ponomarev.
14:44 of 1st period - Stopped by Stuart Skinner with a rebound.
14:46 of 1st period - Slapshot by Johannes Kinnvall.
14:46 of 1st period - Shot Misses the Net.
15:22 of 1st period - Urho Vaakanainen is hit by Nicholas Robertson.
16:07 of 1st period - Slapshot by Derick Brassard.
16:07 of 1st period - Goal by Derick Brassard - Niagara IceDogs : 0 - Espoo Blues : 1.
16:08 of 1st period - Derek Grant wins face-off versus Vasili Ponomarev in neutral zone.
16:20 of 1st period - Minor Penalty to John Ludvig for Holding.
16:21 of 1st period - Derek Grant wins face-off versus Arttu Ruotsalainen in Niagara IceDogs zone.
16:21 of 1st period - Snap shot by Patric Hornqvist.
16:21 of 1st period - Goal by Patric Hornqvist - Niagara IceDogs : 0 - Espoo Blues : 2.
16:22 of 1st period - Derek Grant wins face-off versus Arttu Ruotsalainen in neutral zone.
16:49 of 1st period - Joachim Blichfeld is hit by Mattias Samuelsson and loses puck.
16:55 of 1st period - Off-side.
16:56 of 1st period - Derick Brassard wins face-off versus Vasili Ponomarev in neutral zone.
16:59 of 1st period - Wrist shot by Derick Brassard.
16:59 of 1st period - Stopped by Dylan Ferguson with a rebound.
17:09 of 1st period - Slapshot by Logan O'Connor.
17:09 of 1st period - Shot Misses the Net.
17:11 of 1st period - Wrist shot by Chad Ruhwedel.
17:11 of 1st period - Stopped by Dylan Ferguson with a rebound.
17:13 of 1st period - Slapshot by Derick Brassard.
17:13 of 1st period - Shot Misses the Net.
17:15 of 1st period - Snap shot by Logan O'Connor.
17:15 of 1st period - Shot Misses the Net.
17:32 of 1st period - Wrist shot by Logan O'Connor.
17:32 of 1st period - Shot Misses the Net.
17:34 of 1st period - Snap shot by Logan O'Connor.
17:34 of 1st period - Deflect By Joe Snively.
17:34 of 1st period - Shot Misses the Net.
17:34 of 1st period - Puck is out of play.
17:35 of 1st period - Arttu Ruotsalainen wins face-off versus Derek Grant in Niagara IceDogs zone.
18:02 of 1st period - Mattias Samuelsson is hit by Chase Pearson and loses puck.
18:27 of 1st period - Michael Stone is hit by James Hamblin.
18:33 of 1st period - Nicholas Robertson is hit by Chad Ruhwedel and loses puck.
19:23 of 1st period - John Ludvig is hit by Gavin Bayreuther and loses puck.
19:38 of 1st period - Wrist shot by James Hamblin.
19:38 of 1st period - Stopped by Stuart Skinner without a rebound.
19:39 of 1st period - James Hamblin wins face-off versus Derick Brassard in Espoo Blues zone.
19:40 of 1st period - Slapshot by Nicholas Robertson.
19:40 of 1st period - Stopped by Stuart Skinner with a rebound.
Goals for this period are 0 for Niagara IceDogs vs 2 for Espoo Blues.
Shots for this period are 10 for Niagara IceDogs vs 15 for Espoo Blues.
2nd period
0:01 of 2nd period - Brendan Lemieux wins face-off versus Arttu Ruotsalainen in neutral zone.
0:12 of 2nd period - Ian Mitchell is hit by Stefan Noesen and loses puck.
0:48 of 2nd period - Wrist shot by Arttu Ruotsalainen.
0:48 of 2nd period - Stopped by Stuart Skinner with a rebound.
1:15 of 2nd period - Snap shot by Michael Stone.
1:15 of 2nd period - Shot Blocked by Arttu Ruotsalainen.
1:49 of 2nd period - Wrist shot by Jonatan Berggren.
1:49 of 2nd period - Shot Misses the Net.
1:51 of 2nd period - Wrist shot by Aliaksei Protas.
1:51 of 2nd period - Shot Blocked by Michael Stone.
1:53 of 2nd period - Wrist shot by Arttu Ruotsalainen.
1:53 of 2nd period - Deflect By Aliaksei Protas.
1:53 of 2nd period - Stopped by Stuart Skinner with a rebound.
1:55 of 2nd period - Wrist shot by Jonatan Berggren.
1:55 of 2nd period - Stopped by Stuart Skinner with a rebound.
2:05 of 2nd period - Wrist shot by Arttu Ruotsalainen.
2:05 of 2nd period - Shot Misses the Net.
2:17 of 2nd period - Slapshot by Arttu Ruotsalainen.
2:17 of 2nd period - Stopped by Stuart Skinner without a rebound.
2:18 of 2nd period - Anthony Angello wins face-off versus Derek Grant in Espoo Blues zone.
2:21 of 2nd period - Snap shot by Anthony Angello.
2:21 of 2nd period - Shot Blocked by Stefan Noesen.
2:43 of 2nd period - Conor Timmins is hit by Derick Brassard and loses puck.
3:23 of 2nd period - Ridly Greig is hit by Tim Soderlund and loses puck.
3:56 of 2nd period - Wrist shot by Nicholas Robertson.
3:56 of 2nd period - Stopped by Stuart Skinner without a rebound.
3:57 of 2nd period - Vasili Ponomarev wins face-off versus Derick Brassard in Espoo Blues zone.
3:58 of 2nd period - Wrist shot by Anthony Angello.
3:58 of 2nd period - Stopped by Stuart Skinner with a rebound.
4:56 of 2nd period - Anthony Angello is hit by Brendan Lemieux and loses puck.
7:35 of 2nd period - Icing by Cam York.
7:36 of 2nd period - Derek Grant wins face-off versus Arttu Ruotsalainen in Espoo Blues zone.
7:59 of 2nd period - Wrist shot by Chase Pearson.
7:59 of 2nd period - Deflect By Jayden Halbgewachs.
7:59 of 2nd period - Shot Misses the Net.
7:59 of 2nd period - Puck is out of play.
8:00 of 2nd period - Jayden Halbgewachs wins face-off versus Derick Brassard in Espoo Blues zone.
8:28 of 2nd period - Icing by Jayden Halbgewachs.
8:29 of 2nd period - Derek Grant wins face-off versus Jayden Halbgewachs in Niagara IceDogs zone.
8:56 of 2nd period - Wrist shot by Jayden Halbgewachs.
8:56 of 2nd period - Goal by Jayden Halbgewachs - Niagara IceDogs : 1 - Espoo Blues : 2.
8:57 of 2nd period - Derek Grant wins face-off versus Arttu Ruotsalainen in neutral zone.
9:04 of 2nd period - Wrist shot by Brendan Lemieux.
9:04 of 2nd period - Stopped by Dylan Ferguson with a rebound.
9:06 of 2nd period - Wrist shot by Brendan Lemieux.
9:06 of 2nd period - Stopped by Dylan Ferguson with a rebound.
9:08 of 2nd period - Snap shot by Stefan Noesen.
9:08 of 2nd period - Stopped by Dylan Ferguson with a rebound.
9:10 of 2nd period - Slapshot by Mattias Samuelsson.
9:10 of 2nd period - Shot Blocked by Conor Timmins.
9:12 of 2nd period - Slapshot by Michael Stone.
9:12 of 2nd period - Deflect By Jonatan Berggren.
9:12 of 2nd period - Stopped by Dylan Ferguson without a rebound.
9:13 of 2nd period - Derick Brassard wins face-off versus Vasili Ponomarev in Niagara IceDogs zone.
9:40 of 2nd period - Aliaksei Protas is hit by Mattias Samuelsson and loses puck.
9:47 of 2nd period - Mattias Samuelsson is hit by Joseph Duszak and loses puck.
10:12 of 2nd period - Snap shot by Patric Hornqvist.
10:12 of 2nd period - Deflect By Chase Pearson.
10:12 of 2nd period - Shot Misses the Net.
10:12 of 2nd period - Puck is out of play.
10:13 of 2nd period - Derick Brassard wins face-off versus Vasili Ponomarev in Niagara IceDogs zone.
10:18 of 2nd period - Wrist shot by Derick Brassard.
10:18 of 2nd period - Goal by Derick Brassard - Niagara IceDogs : 1 - Espoo Blues : 3.
10:19 of 2nd period - Arttu Ruotsalainen wins face-off versus Derek Grant in neutral zone.
10:24 of 2nd period - Snap shot by Aliaksei Protas.
10:24 of 2nd period - Shot Blocked by Cam York.
10:26 of 2nd period - Slapshot by Arttu Ruotsalainen.
10:26 of 2nd period - Stopped by Stuart Skinner without a rebound.
10:27 of 2nd period - Arttu Ruotsalainen wins face-off versus Derek Grant in Espoo Blues zone.
10:32 of 2nd period - Wrist shot by Jonatan Berggren.
10:32 of 2nd period - Deflect By Aliaksei Protas.
10:32 of 2nd period - Shot Blocked by Cam York.
10:32 of 2nd period - Puck is out of play.
10:33 of 2nd period - Derek Grant wins face-off versus Arttu Ruotsalainen in Espoo Blues zone.
10:45 of 2nd period - Slapshot by Jonatan Berggren.
10:45 of 2nd period - Stopped by Stuart Skinner with a rebound.
10:59 of 2nd period - Conor Timmins is hit by Joe Snively and loses puck.
11:20 of 2nd period - Conor Timmins is hit by Patric Hornqvist and loses puck.
11:29 of 2nd period - Chase Pearson is hit by Patric Hornqvist and loses puck.
12:37 of 2nd period - Wrist shot by Jayden Halbgewachs.
12:37 of 2nd period - Shot Blocked by Mattias Samuelsson.
12:44 of 2nd period - Icing by Joe Snively.
12:45 of 2nd period - Derick Brassard wins face-off versus Arttu Ruotsalainen in Espoo Blues zone.
13:05 of 2nd period - Snap shot by Vasili Ponomarev.
13:05 of 2nd period - Shot Misses the Net.
13:30 of 2nd period - Slapshot by Anton Blidh.
13:30 of 2nd period - Stopped by Dylan Ferguson with a rebound.
13:45 of 2nd period - Derick Brassard is hit by Aliaksei Protas and loses puck.
14:37 of 2nd period - Minor Penalty to Anthony Angello for Tripping.
14:38 of 2nd period - Arttu Ruotsalainen wins face-off versus Derick Brassard in Niagara IceDogs zone.
15:43 of 2nd period - Joseph Duszak is hit by Chad Ruhwedel and loses puck.
16:34 of 2nd period - Mattias Janmark is hit by Joseph Duszak and loses puck.
16:37 of 2nd period - Penalty to Anthony Angello is over, Anthony Angello is back on ice.
16:59 of 2nd period - Snap shot by Ridly Greig.
16:59 of 2nd period - Deflect By Logan O'Connor.
16:59 of 2nd period - Shot Misses the Net.
16:59 of 2nd period - Puck is out of play.
17:00 of 2nd period - Viktor Lodin wins face-off versus Jayden Halbgewachs in Niagara IceDogs zone.
17:01 of 2nd period - Wrist shot by Logan O'Connor.
17:01 of 2nd period - Shot Misses the Net.
17:07 of 2nd period - Wrist shot by Jayden Halbgewachs.
17:07 of 2nd period - Shot Misses the Net.
17:09 of 2nd period - Snap shot by Alex Whelan.
17:09 of 2nd period - Shot Misses the Net.
17:11 of 2nd period - Snap shot by Chase Pearson.
17:11 of 2nd period - Shot Misses the Net.
17:13 of 2nd period - Snap shot by Chase Pearson.
17:13 of 2nd period - Stopped by Stuart Skinner without a rebound.
17:14 of 2nd period - Vasili Ponomarev wins face-off versus Derek Grant in Espoo Blues zone.
17:21 of 2nd period - Snap shot by Brendan Lemieux.
17:21 of 2nd period - Stopped by Dylan Ferguson without a rebound.
17:22 of 2nd period - Vasili Ponomarev wins face-off versus Derek Grant in Niagara IceDogs zone.
17:31 of 2nd period - Michael Stone is hit by Anthony Angello and loses puck.
17:54 of 2nd period - Aliaksei Protas is hit by Mattias Samuelsson.
17:58 of 2nd period - Michael Stone is hit by Jonatan Berggren and loses puck.
18:16 of 2nd period - Minor Penalty to Joseph Duszak for Holding.
18:17 of 2nd period - Derick Brassard wins face-off versus Arttu Ruotsalainen in Niagara IceDogs zone.
18:19 of 2nd period - Wrist shot by Derick Brassard.
18:19 of 2nd period - Deflect By Ian Mitchell.
18:19 of 2nd period - Shot Blocked by Arttu Ruotsalainen.
18:19 of 2nd period - Puck is out of play.
18:20 of 2nd period - Arttu Ruotsalainen wins face-off versus Derick Brassard in Niagara IceDogs zone.
18:45 of 2nd period - Wrist shot by Patric Hornqvist.
18:45 of 2nd period - Goal by Patric Hornqvist - Niagara IceDogs : 1 - Espoo Blues : 4.
18:46 of 2nd period - Arttu Ruotsalainen wins face-off versus Brendan Lemieux in neutral zone.
18:48 of 2nd period - Off-side.
18:49 of 2nd period - Arttu Ruotsalainen wins face-off versus Derek Grant in neutral zone.
18:49 of 2nd period - Arttu Ruotsalainen is hit by Stefan Noesen.
19:03 of 2nd period - Snap shot by Aliaksei Protas.
19:03 of 2nd period - Stopped by Stuart Skinner with a rebound.
19:05 of 2nd period - Wrist shot by Aliaksei Protas.
19:05 of 2nd period - Shot Misses the Net.
19:15 of 2nd period - Snap shot by Chase Pearson.
19:15 of 2nd period - Stopped by Stuart Skinner without a rebound.
19:16 of 2nd period - Jayden Halbgewachs wins face-off versus Derick Brassard in Espoo Blues zone.
19:21 of 2nd period - Wrist shot by Alex Whelan.
19:21 of 2nd period - Deflect By Jayden Halbgewachs.
19:21 of 2nd period - Stopped by Stuart Skinner with a rebound.
Goals for this period are 1 for Niagara IceDogs vs 2 for Espoo Blues.
Shots for this period are 13 for Niagara IceDogs vs 8 for Espoo Blues.
3rd period
0:01 of 3rd period - Derek Grant wins face-off versus Arttu Ruotsalainen in neutral zone.
0:36 of 3rd period - Wrist shot by Derick Brassard.
0:36 of 3rd period - Shot Misses the Net.
0:46 of 3rd period - Snap shot by Anton Blidh.
0:46 of 3rd period - Shot Misses the Net.
0:56 of 3rd period - Wrist shot by Alex Whelan.
0:56 of 3rd period - Shot Misses the Net.
1:16 of 3rd period - Wrist shot by Nicholas Robertson.
1:16 of 3rd period - Shot Misses the Net.
1:26 of 3rd period - Wrist shot by Jonatan Berggren.
1:26 of 3rd period - Shot Misses the Net.
1:28 of 3rd period - Snap shot by Jonatan Berggren.
1:28 of 3rd period - Shot Misses the Net.
1:30 of 3rd period - Slapshot by Ian Mitchell.
1:30 of 3rd period - Shot Misses the Net.
1:32 of 3rd period - Slapshot by Arttu Ruotsalainen.
1:32 of 3rd period - Goal by Arttu Ruotsalainen - Niagara IceDogs : 2 - Espoo Blues : 4.
1:33 of 3rd period - Derek Grant wins face-off versus Arttu Ruotsalainen in neutral zone.
1:36 of 3rd period - Aliaksei Protas is hit by Stefan Noesen and loses puck.
1:40 of 3rd period - Derek Grant and Arttu Ruotsalainen fight to a draw.
1:40 of 3rd period - Penalty to Derek Grant for Fighting.
1:40 of 3rd period - Penalty to Arttu Ruotsalainen for Fighting.
1:41 of 3rd period - Jayden Halbgewachs wins face-off versus Joe Snively in neutral zone.
2:02 of 3rd period - Minor Penalty to Jonatan Berggren for Tripping.
2:03 of 3rd period - James Hamblin wins face-off versus Derick Brassard in Niagara IceDogs zone.
2:03 of 3rd period - James Hamblin is hit by Michael Stone.
2:13 of 3rd period - Snap shot by Derick Brassard.
2:13 of 3rd period - Shot Blocked by James Hamblin.
2:15 of 3rd period - Slapshot by Derick Brassard.
2:15 of 3rd period - Stopped by Dylan Ferguson with a rebound.
2:17 of 3rd period - Snap shot by Derick Brassard.
2:17 of 3rd period - Shot Misses the Net.
2:19 of 3rd period - Slapshot by Michael Stone.
2:19 of 3rd period - Stopped by Dylan Ferguson with a rebound.
2:37 of 3rd period - Wrist shot by Mattias Janmark.
2:37 of 3rd period - Shot Misses the Net.
2:55 of 3rd period - Wrist shot by Derick Brassard.
2:55 of 3rd period - Goal by Derick Brassard - Niagara IceDogs : 2 - Espoo Blues : 5.
2:56 of 3rd period - Derick Brassard wins face-off versus Vasili Ponomarev in neutral zone.
3:13 of 3rd period - Icing by Joe Snively.
3:14 of 3rd period - Derick Brassard wins face-off versus Jayden Halbgewachs in Espoo Blues zone.
3:24 of 3rd period - Slapshot by Chad Ruhwedel.
3:24 of 3rd period - Stopped by Dylan Ferguson with a rebound.
3:26 of 3rd period - Snap shot by Derick Brassard.
3:26 of 3rd period - Deflect By Joe Snively.
3:26 of 3rd period - Stopped by Dylan Ferguson with a rebound.
3:28 of 3rd period - Slapshot by Chad Ruhwedel.
3:28 of 3rd period - Shot Blocked by Conor Timmins.
3:30 of 3rd period - Wrist shot by Cam York.
3:30 of 3rd period - Shot Blocked by Aliaksei Protas.
3:59 of 3rd period - Minor Penalty to Jayden Halbgewachs for Interference.
4:00 of 3rd period - James Hamblin wins face-off versus Stefan Noesen in Niagara IceDogs zone.
4:00 of 3rd period - James Hamblin is hit by Stefan Noesen.
4:25 of 3rd period - Michael Stone is hit by Joseph Duszak and loses puck.
4:41 of 3rd period - Off-side.
4:42 of 3rd period - Chase Pearson wins face-off versus Derick Brassard in neutral zone.
5:59 of 3rd period - Penalty to Jayden Halbgewachs is over, Jayden Halbgewachs is back on ice.
6:00 of 3rd period - Off-side.
6:01 of 3rd period - Vasili Ponomarev wins face-off versus Viktor Lodin in neutral zone.
6:26 of 3rd period - Joe Snively is hit by Chase Pearson and loses puck.
6:33 of 3rd period - Snap shot by Chase Pearson.
6:33 of 3rd period - Stopped by Stuart Skinner with a rebound.
6:35 of 3rd period - Snap shot by Jayden Halbgewachs.
6:35 of 3rd period - Stopped by Stuart Skinner with a rebound.
7:00 of 3rd period - Snap shot by Brendan Lemieux.
7:00 of 3rd period - Deflect By Stefan Noesen.
7:00 of 3rd period - Stopped by Dylan Ferguson without a rebound.
7:01 of 3rd period - Derek Grant wins face-off versus Vasili Ponomarev in Niagara IceDogs zone.
7:41 of 3rd period - John Ludvig is hit by Anton Blidh.
8:03 of 3rd period - Snap shot by Jayden Halbgewachs.
8:03 of 3rd period - Stopped by Stuart Skinner with a rebound.
8:27 of 3rd period - Snap shot by James Hamblin.
8:27 of 3rd period - Stopped by Stuart Skinner with a rebound.
8:29 of 3rd period - Slapshot by Joseph Duszak.
8:29 of 3rd period - Shot Misses the Net.
8:39 of 3rd period - Minor Penalty to Derick Brassard for Hooking.
8:40 of 3rd period - Arttu Ruotsalainen wins face-off versus Derek Grant in Espoo Blues zone.
9:15 of 3rd period - Slapshot by Joachim Blichfeld.
9:15 of 3rd period - Stopped by Stuart Skinner with a rebound.
9:27 of 3rd period - Slapshot by Mattias Samuelsson.
9:27 of 3rd period - Stopped by Dylan Ferguson with a rebound.
10:39 of 3rd period - Penalty to Derick Brassard is over, Derick Brassard is back on ice.
10:45 of 3rd period - Wrist shot by Chase Pearson.
10:45 of 3rd period - Stopped by Stuart Skinner without a rebound.
10:46 of 3rd period - Fredrik Karlstrom wins face-off versus Jayden Halbgewachs in Espoo Blues zone.
11:16 of 3rd period - Snap shot by Stefan Noesen.
11:16 of 3rd period - Shot Misses the Net.
11:24 of 3rd period - Slapshot by Stefan Noesen.
11:24 of 3rd period - Deflect By Viktor Lodin.
11:24 of 3rd period - Stopped by Dylan Ferguson with a rebound.
12:41 of 3rd period - Snap shot by Vasili Ponomarev.
12:41 of 3rd period - Stopped by Stuart Skinner with a rebound.
12:43 of 3rd period - Backhand shot by Conor Timmins.
12:43 of 3rd period - Stopped by Stuart Skinner without a rebound.
12:44 of 3rd period - Derek Grant wins face-off versus Joachim Blichfeld in Espoo Blues zone.
12:55 of 3rd period - Wrist shot by Brendan Lemieux.
12:55 of 3rd period - Shot Misses the Net.
12:57 of 3rd period - Wrist shot by Derek Grant.
12:57 of 3rd period - Deflect By Stefan Noesen.
12:57 of 3rd period - Shot Blocked by Joachim Blichfeld.
12:57 of 3rd period - Puck is out of play.
12:58 of 3rd period - Arttu Ruotsalainen wins face-off versus Derick Brassard in Niagara IceDogs zone.
12:58 of 3rd period - Arttu Ruotsalainen is hit by Derick Brassard.
13:20 of 3rd period - Minor Penalty to John Ludvig for Roughing.
13:21 of 3rd period - Joe Snively wins face-off versus Arttu Ruotsalainen in Niagara IceDogs zone.
13:52 of 3rd period - Snap shot by Patric Hornqvist.
13:52 of 3rd period - Stopped by Dylan Ferguson with a rebound.
13:54 of 3rd period - Slapshot by Michael Stone.
13:54 of 3rd period - Shot Blocked by Conor Timmins.
14:52 of 3rd period - Michael Stone is hit by Conor Timmins and loses puck.
15:20 of 3rd period - Penalty to John Ludvig is over, John Ludvig is back on ice.
15:30 of 3rd period - Stefan Noesen is hit by Johannes Kinnvall and loses puck.
15:44 of 3rd period - Cam York is hit by John Ludvig and loses puck.
15:49 of 3rd period - Wrist shot by Fredrik Karlstrom.
15:49 of 3rd period - Deflect By Logan O'Connor.
15:49 of 3rd period - Shot Hit the Post.
15:49 of 3rd period - Puck is out of play.
15:50 of 3rd period - Fredrik Karlstrom wins face-off versus Vasili Ponomarev in Niagara IceDogs zone.
15:51 of 3rd period - Slapshot by Logan O'Connor.
15:51 of 3rd period - Shot Blocked by Ian Mitchell.
15:57 of 3rd period - Wrist shot by Vasili Ponomarev.
15:57 of 3rd period - Stopped by Stuart Skinner with a rebound.
15:59 of 3rd period - Slapshot by Conor Timmins.
15:59 of 3rd period - Stopped by Stuart Skinner with a rebound.
16:01 of 3rd period - Slapshot by John Ludvig.
16:01 of 3rd period - Stopped by Stuart Skinner without a rebound.
16:02 of 3rd period - Arttu Ruotsalainen wins face-off versus Fredrik Karlstrom in Espoo Blues zone.
16:03 of 3rd period - Slapshot by Jonatan Berggren.
16:03 of 3rd period - Stopped by Stuart Skinner with a rebound.
16:05 of 3rd period - Snap shot by Aliaksei Protas.
16:05 of 3rd period - Stopped by Stuart Skinner with a rebound.
16:11 of 3rd period - Wrist shot by Aliaksei Protas.
16:11 of 3rd period - Stopped by Stuart Skinner without a rebound.
16:12 of 3rd period - Fredrik Karlstrom wins face-off versus Arttu Ruotsalainen in Espoo Blues zone.
16:21 of 3rd period - Snap shot by Patric Hornqvist.
16:21 of 3rd period - Stopped by Dylan Ferguson with a rebound.
16:37 of 3rd period - Snap shot by Jonatan Berggren.
16:37 of 3rd period - Shot Misses the Net.
17:26 of 3rd period - Snap shot by Patric Hornqvist.
17:26 of 3rd period - Shot Misses the Net.
17:28 of 3rd period - Wrist shot by Anton Blidh.
17:28 of 3rd period - Deflect By Patric Hornqvist.
17:28 of 3rd period - Stopped by Dylan Ferguson with a rebound.
17:30 of 3rd period - Snap shot by Patric Hornqvist.
17:30 of 3rd period - Stopped by Dylan Ferguson with a rebound.
17:32 of 3rd period - Slapshot by Patric Hornqvist.
17:32 of 3rd period - Shot Blocked by Joseph Duszak.
17:34 of 3rd period - Slapshot by Michael Stone.
17:34 of 3rd period - Shot Blocked by John Ludvig.
17:36 of 3rd period - Slapshot by Patric Hornqvist.
17:36 of 3rd period - Stopped by Dylan Ferguson with a rebound.
17:38 of 3rd period - Wrist shot by Anton Blidh.
17:38 of 3rd period - Stopped by Dylan Ferguson with a rebound.
17:40 of 3rd period - Snap shot by Mattias Samuelsson.
17:40 of 3rd period - Shot Blocked by John Ludvig.
17:42 of 3rd period - Slapshot by Mattias Samuelsson.
17:42 of 3rd period - Deflect By Patric Hornqvist.
17:42 of 3rd period - Shot Blocked by John Ludvig.
17:42 of 3rd period - Puck is out of play.
17:43 of 3rd period - Derek Grant wins face-off versus Vasili Ponomarev in Niagara IceDogs zone.
17:46 of 3rd period - Wrist shot by Stefan Noesen.
17:46 of 3rd period - Shot Blocked by Conor Timmins.
18:36 of 3rd period - Filip Kral is hit by Viktor Lodin and loses puck.
19:08 of 3rd period - Derick Brassard is hit by Chase Pearson and loses puck.
Goals for this period are 1 for Niagara IceDogs vs 1 for Espoo Blues.
Shots for this period are 15 for Niagara IceDogs vs 14 for Espoo Blues.
Back to the Top